| TOP OF THE 1ST |
|
Montreal Expos batting - Pitching for Pittsburgh Pirates : RHP Moose Haas
|
|
Pitching: RHP Moose Haas
|
|
|
Batting: LHB Duane Walker
|
0-0: Ball 1-0: Ball 2-0: Ball 3-0: Base on Balls
|
|
Batting: SHB Garry Templeton
|
0-0: Called Strike 0-1: Ball 1-1: Ball 2-1: Foul Ball, location: 2F 2-2: SINGLE (Groundball, 56S, EV 76.3 MPH) (infield hit) Duane Walker to second
|
|
Batting: LHB Kirk Gibson
|
0-0: Ball 1-0: Fly out, F7 (Flyball, 78D, EV 91.9 MPH) Runner from 2nd tags up, SAFE at 3rd with throw by LF
|
|
Batting: RHB Dale Murphy
|
0-0: Ball 1-0: Grounds into double play, 4-6-3 (Groundball, 4M, EV 99.4 MPH)
|
| Top of the 1st over - 0 runs, 1 hit, 0 errors, 1 left on base; Montreal 0 - Pittsburgh 0 |
| BOTTOM OF THE 1ST |
|
Pittsburgh Pirates batting - Pitching for Montreal Expos : LHP Frank Riccelli
|
|
Pitching: LHP Frank Riccelli
|
|
|
Batting: RHB Dan Gladden
|
0-0: Foul Ball, location: 2F 0-1: Fly out, F7 (Flyball, 7LS, EV 89.4 MPH)
|
|
Batting: RHB Mike C Brown
|
0-0: Called Strike 0-1: SINGLE (Line Drive, 4M, EV 95.6 MPH)
|
|
Batting: RHB Rennie Stennett
|
0-0: Ball 1-0: Swinging Strike 1-1: Swinging Strike 1-2: Ball 2-2: Foul Ball, location: 2F 2-2: Foul Ball, location: 2F 2-2: Ball 3-2: Single, Error in OF, E9, batter to second base (Groundball, 34D, EV 105.0 MPH) Mike C Brown to third
|
|
Batting: LHB Robert Lopez
|
0-0: Fly out, F7 (Flyball, 7LS, EV 81.9 MPH)
|
|
Batting: LHB Greg Walker
|
0-0: Foul Ball, location: 2F 0-1: Foul Ball, location: 2F 0-2: Fly out, F7 (Flyball, 7S, EV 81.3 MPH)
|
| Bottom of the 1st over - 0 runs, 2 hits, 1 error, 2 left on base; Montreal 0 - Pittsburgh 0 |
| TOP OF THE 2ND |
|
Montreal Expos batting - Pitching for Pittsburgh Pirates : RHP Moose Haas
|
|
Batting: RHB Dave Winfield
|
0-0: Called Strike 0-1: Ball 1-1: Ball 2-1: Ball 3-1: Swinging Strike 3-2: Strikes out swinging
|
|
Batting: LHB Timnothy Meyer
|
0-0: Called Strike 0-1: Ground out U3 (Groundball, 3S, EV 69.4 MPH)
|
|
Batting: LHB Ernesto Quevedo
|
0-0: Swinging Strike 0-1: Called Strike 0-2: Ball 1-2: Ball 2-2: Foul Ball, location: 2F 2-2: Ball 3-2: Foul Ball, location: 2F 3-2: Strikes out looking
|
| Top of the 2nd over - 0 runs, 0 hits, 0 errors, 0 left on base; Montreal 0 - Pittsburgh 0 |
| BOTTOM OF THE 2ND |
|
Pittsburgh Pirates batting - Pitching for Montreal Expos : LHP Frank Riccelli
|
|
Batting: SHB John Shelby
|
0-0: Called Strike 0-1: Ball 1-1: Ball 2-1: Ball 3-1: Base on Balls
|
|
Batting: SHB Ron Oester
|
0-0: Ball 1-0: Ball 2-0: Ball 3-0: SINGLE (Groundball, 34D, EV 108.8 MPH) John Shelby to second Runner from 2nd tries for 3rd, SAFE, throw by RF made to third
|
|
Batting: RHB Frank Hunsaker
|
0-0: Foul Ball, location: 2F 0-1: Ball 1-1: Called Strike 1-2: Foul Ball, location: 2F 1-2: Fielders Choice at 2nd, 5-4 (Groundball, 56, EV 83.1 MPH) John Shelby scores
|
|
Batting: RHB Moose Haas
|
0-0: Bunt missed! 0-1: Sac Bunt to 13S - play at first, batter OUT! 1-4 Frank Hunsaker to second
|
|
Batting: RHB Dan Gladden
|
0-0: Ball 1-0: Foul Ball, location: 2F 1-1: Ball 2-1: Fly out, F8 (Line Drive, 8LD, EV 85.6 MPH)
|
| Bottom of the 2nd over - 1 run, 1 hit, 0 errors, 1 left on base; Montreal 0 - Pittsburgh 1 |
| TOP OF THE 3RD |
|
Montreal Expos batting - Pitching for Pittsburgh Pirates : RHP Moose Haas
|
|
Batting: SHB Biff Pocoroba
|
0-0: Ball 1-0: Ball 2-0: Ball 3-0: Base on Balls
|
|
Batting: LHB Frank Riccelli
|
0-0: Sac Bunt to 2R - play at first, batter OUT! 2-4 Biff Pocoroba to second
|
|
Batting: LHB Duane Walker
|
0-0: Ball 1-0: Called Strike 1-1: Swinging Strike 1-2: Ball 2-2: Foul Ball, location: 2F 2-2: Ball 3-2: Fly out, F8 (Flyball, 8RM, EV 90.0 MPH)
|
|
Batting: SHB Garry Templeton
|
0-0: Ball 1-0: Fly out, F9 (Flyball, 89D, EV 98.8 MPH)
|
| Top of the 3rd over - 0 runs, 0 hits, 0 errors, 1 left on base; Montreal 0 - Pittsburgh 1 |
| BOTTOM OF THE 3RD |
|
Pittsburgh Pirates batting - Pitching for Montreal Expos : LHP Frank Riccelli
|
|
Batting: RHB Mike C Brown
|
0-0: Called Strike 0-1: Ball 1-1: Fly out, F7 (Line Drive, 7, EV 98.1 MPH)
|
|
Batting: RHB Rennie Stennett
|
0-0: Ground out 6-3 (Groundball, 6, EV 83.1 MPH)
|
|
Batting: LHB Robert Lopez
|
0-0: Foul Ball, location: 2F 0-1: Ground out 6-3 (Groundball, 6, EV 78.1 MPH)
|
| Bottom of the 3rd over - 0 runs, 0 hits, 0 errors, 0 left on base; Montreal 0 - Pittsburgh 1 |
| TOP OF THE 4TH |
|
Montreal Expos batting - Pitching for Pittsburgh Pirates : RHP Moose Haas
|
|
Batting: LHB Kirk Gibson
|
0-0: Fly out, F8 (Line Drive, 89M, EV 94.4 MPH)
|
|
Batting: RHB Dale Murphy
|
0-0: Ball 1-0: Ball 2-0: Ball 3-0: Called Strike 3-1: Fly out, F4 (Popup, 34S, EV 70.6 MPH)
|
|
Batting: RHB Dave Winfield
|
0-0: Ball 1-0: Ball 2-0: Called Strike 2-1: Fly out, F7 (Flyball, 7LS, EV 77.5 MPH)
|
| Top of the 4th over - 0 runs, 0 hits, 0 errors, 0 left on base; Montreal 0 - Pittsburgh 1 |
| BOTTOM OF THE 4TH |
|
Pittsburgh Pirates batting - Pitching for Montreal Expos : LHP Frank Riccelli
|
|
Batting: LHB Greg Walker
|
0-0: Ball 1-0: Ball 2-0: Called Strike 2-1: Foul Ball, location: 2F 2-2: Ball 3-2: Foul Ball, location: 2F 3-2: Foul Ball, location: 2F 3-2: Foul Ball, location: 2F 3-2: Base on Balls
|
|
Batting: SHB John Shelby
|
0-0: Fly out, F8 (Line Drive, 8LD, EV 97.5 MPH)
|
|
Batting: SHB Ron Oester
|
0-0: Ball 1-0: Ball 2-0: Foul Ball, location: 2F 2-1: Grounds into double play, 6-4-3 (Groundball, 6, EV 106.9 MPH)
|
| Bottom of the 4th over - 0 runs, 0 hits, 0 errors, 0 left on base; Montreal 0 - Pittsburgh 1 |
| TOP OF THE 5TH |
|
Montreal Expos batting - Pitching for Pittsburgh Pirates : RHP Moose Haas
|
|
Batting: LHB Timnothy Meyer
|
0-0: Ball 1-0: Ground out 4-3 (Groundball, 4, EV 107.5 MPH)
|
|
Batting: LHB Ernesto Quevedo
|
0-0: Ball 1-0: SINGLE (Line Drive, 4D, EV 94.4 MPH)
|
|
Batting: SHB Biff Pocoroba
|
0-0: Ball 1-0: Called Strike 1-1: Called Strike 1-2: SINGLE (Line Drive, 8LS, EV 88.1 MPH) Ernesto Quevedo to second
|
|
Batting: LHB Frank Riccelli
|
0-0: Sac Bunt to 13S - play at third, runner OUT! 1-5 Biff Pocoroba to second
|
|
Batting: LHB Duane Walker
|
0-0: Ball 1-0: Foul Ball, location: 2F 1-1: Foul Ball, location: 2F 1-2: Foul Ball, location: 2F 1-2: Ball 2-2: Fly out, F3 (Flyball, 34D, EV 86.3 MPH)
|
| Top of the 5th over - 0 runs, 2 hits, 0 errors, 2 left on base; Montreal 0 - Pittsburgh 1 |
| BOTTOM OF THE 5TH |
|
Pittsburgh Pirates batting - Pitching for Montreal Expos : LHP Frank Riccelli
|
|
Batting: RHB Frank Hunsaker
|
0-0: Ball 1-0: Foul Ball, location: 2F 1-1: Ball 2-1: Foul Ball, location: 2F 2-2: Ground out 4-3 (Groundball, 4, EV 105.0 MPH)
|
|
Batting: RHB Moose Haas
|
0-0: Called Strike 0-1: Ball 1-1: Ball 2-1: Foul Ball, location: 2F 2-2: Strikes out swinging
|
|
Batting: RHB Dan Gladden
|
0-0: Ball 1-0: Ball 2-0: Ball 3-0: Base on Balls
|
|
Batting: RHB Mike C Brown
|
0-0: Called Strike Dan Gladden steals 2nd base 0-1: Ball 1-1: Swinging Strike 1-2: Foul Ball, location: 2F 1-2: Ball 2-2: Strikes out swinging
|
| Bottom of the 5th over - 0 runs, 0 hits, 0 errors, 1 left on base; Montreal 0 - Pittsburgh 1 |
| TOP OF THE 6TH |
|
Montreal Expos batting - Pitching for Pittsburgh Pirates : RHP Moose Haas
|
|
Batting: SHB Garry Templeton
|
0-0: Swinging Strike 0-1: Ball 1-1: Foul Ball, location: 2F 1-2: Strikes out swinging
|
|
Batting: LHB Kirk Gibson
|
0-0: Ball 1-0: Ground out 4-3 (Groundball, 4, EV 88.1 MPH)
|
|
Batting: RHB Dale Murphy
|
0-0: Called Strike 0-1: Ground out 6-3 (Groundball, 6, EV 91.9 MPH)
|
| Top of the 6th over - 0 runs, 0 hits, 0 errors, 0 left on base; Montreal 0 - Pittsburgh 1 |
| BOTTOM OF THE 6TH |
|
Pittsburgh Pirates batting - Pitching for Montreal Expos : LHP Frank Riccelli
|
|
Batting: RHB Rennie Stennett
|
0-0: Called Strike 0-1: SOLO HOME RUN (Flyball, 7D, EV 86.3 MPH), Distance : 394 ft
|
|
Batting: LHB Robert Lopez
|
0-0: Ball 1-0: Ball 2-0: Called Strike 2-1: Foul Ball, location: 2F 2-2: Ball 3-2: Foul Ball, location: 2F 3-2: Ground out 6-3 (Groundball, 6, EV 88.8 MPH)
|
|
Batting: LHB Greg Walker
|
0-0: Ball 1-0: Fly out, F8 (Flyball, 78D, EV 101.3 MPH)
|
|
Batting: SHB John Shelby
|
0-0: Ball 1-0: Ground out 4-3 (Groundball, 4, EV 86.3 MPH)
|
| Bottom of the 6th over - 1 run, 1 hit, 0 errors, 0 left on base; Montreal 0 - Pittsburgh 2 |
| TOP OF THE 7TH |
|
Montreal Expos batting - Pitching for Pittsburgh Pirates : RHP Moose Haas
|
|
Batting: RHB Dave Winfield
|
0-0: Called Strike 0-1: Ball 1-1: TRIPLE (Flyball, 89XD, EV 107.5 MPH)
|
|
Batting: LHB Timnothy Meyer
|
0-0: Called Strike 0-1: Ball 1-1: SINGLE (Flyball, 5D, EV 91.9 MPH) Dave Winfield scores
|
|
Pitching: RHP Mark Lemongello
|
|
|
Now in RF: Alex Campos
|
|
|
Batting: LHB Ernesto Quevedo
|
0-0: Fly out, F8 (Flyball, 8RM, EV 87.5 MPH)
|
|
Batting: SHB Biff Pocoroba
|
0-0: Called Strike 0-1: SINGLE (Groundball, 4MD, EV 103.1 MPH) Timnothy Meyer to second Runner from 2nd tries for 3rd, SAFE, throw by CF made at trailing runner, OUT! 8-3-6
|
|
Batting: LHB Frank Riccelli
|
0-0: Ball 1-0: Called Strike 1-1: Swinging Strike 1-2: Strikes out swinging
|
| Top of the 7th over - 1 run, 3 hits, 0 errors, 1 left on base; Montreal 1 - Pittsburgh 2 |
| BOTTOM OF THE 7TH |
|
Pittsburgh Pirates batting - Pitching for Montreal Expos : LHP Frank Riccelli
|
|
Batting: SHB Ron Oester
|
0-0: Ball 1-0: Called Strike 1-1: Ball 2-1: Foul Ball, location: 2F 2-2: Strikes out swinging
|
|
Batting: RHB Frank Hunsaker
|
0-0: Ball 1-0: Foul Ball, location: 2F 1-1: Ball 2-1: Ground out 5-3 (Groundball, 5S, EV 78.1 MPH)
|
|
Batting: LHB Alex Campos
|
0-0: Called Strike 0-1: Fly out, F8 (Line Drive, 8LM, EV 95.0 MPH)
|
| Bottom of the 7th over - 0 runs, 0 hits, 0 errors, 0 left on base; Montreal 1 - Pittsburgh 2 |
| TOP OF THE 8TH |
|
Montreal Expos batting - Pitching for Pittsburgh Pirates : RHP Mark Lemongello
|
|
Batting: LHB Duane Walker
|
0-0: Ball 1-0: Ball 2-0: Foul Ball, location: 2F 2-1: Ball 3-1: Base on Balls
|
|
Batting: SHB Garry Templeton
|
0-0: Ball Wild Pitch! Duane Walker to second 1-0: Ball Wild Pitch! Duane Walker to third 2-0: SINGLE (Groundball, 6M, EV 109.4 MPH) Duane Walker scores
|
|
Batting: LHB Kirk Gibson
|
0-0: Foul Ball, location: 2F 0-1: Called Strike 0-2: Foul Ball, location: 2F 0-2: Ball 1-2: Strikes out swinging
|
|
Batting: RHB Dale Murphy
|
0-0: Ball 1-0: Called Strike Garry Templeton steals 2nd base 1-1: Ball 2-1: Foul Ball, location: 2F 2-2: Strikes out swinging
|
|
Batting: RHB Dave Winfield
|
0-0: Ball 1-0: 2-RUN HOME RUN (Flyball, 9D, EV 108.1 MPH), Distance : 371 ft
|
|
Batting: LHB Timnothy Meyer
|
0-0: Ball 1-0: Swinging Strike 1-1: Foul Ball, location: 2F 1-2: Ground out 4-3 (Groundball, 4D, EV 99.4 MPH)
|
| Top of the 8th over - 3 runs, 2 hits, 0 errors, 0 left on base; Montreal 4 - Pittsburgh 2 |
| BOTTOM OF THE 8TH |
|
Pittsburgh Pirates batting - Pitching for Montreal Expos : LHP Frank Riccelli
|
|
Batting: RHB Dan Gladden
|
0-0: SINGLE (Groundball, 34D, EV 104.4 MPH) (infield hit)
|
|
Batting: RHB Mike C Brown
|
0-0: Ball 1-0: Fielders Choice at 2nd, 3-6 (Groundball, 34, EV 78.8 MPH)
|
|
Batting: RHB Rennie Stennett
|
0-0: SINGLE (Line Drive, 8LS, EV 90.0 MPH) Mike C Brown to second
|
|
Batting: LHB Robert Lopez
|
0-0: Swinging Strike 0-1: Swinging Strike 0-2: Strikes out swinging
|
|
Batting: LHB Greg Walker
|
0-0: Swinging Strike 0-1: Fielders Choice at 2nd, 5-4 (Groundball, 5L, EV 100.0 MPH)
|
| Bottom of the 8th over - 0 runs, 2 hits, 0 errors, 2 left on base; Montreal 4 - Pittsburgh 2 |
| TOP OF THE 9TH |
|
Montreal Expos batting - Pitching for Pittsburgh Pirates : RHP Mark Lemongello
|
|
Batting: LHB Ernesto Quevedo
|
0-0: Called Strike 0-1: Ground out 6-3 (Groundball, 6, EV 106.9 MPH)
|
|
Batting: SHB Biff Pocoroba
|
0-0: Called Strike 0-1: Ball 1-1: Ball 2-1: Swinging Strike 2-2: Foul Ball, location: 2F 2-2: Foul Ball, location: 2F 2-2: Strikes out swinging
|
|
Pinch Hitting: LHB Guonçalo Fernandes
|
0-0: Ball 1-0: Ball 2-0: Foul Ball, location: 2F 2-1: Fly out, F8 (Flyball, 8LD, EV 93.1 MPH)
|
| Top of the 9th over - 0 runs, 0 hits, 0 errors, 0 left on base; Montreal 4 - Pittsburgh 2 |
| BOTTOM OF THE 9TH |
|
Pittsburgh Pirates batting - Pitching for Montreal Expos : LHP Frank Riccelli
|
|
Pitching: RHP Rollie Fingers
|
|
|
Now at 2B: Alex Ortiz
|
|
|
Now in LF: Guonçalo Fernandes
|
|
|
Now in RF: Luis Sanchez
|
|
|
Pinch Hitting: SHB Chili Davis
|
0-0: Called Strike 0-1: Ground out 5-3 (Groundball, 56, EV 83.8 MPH)
|
|
Batting: SHB Ron Oester
|
0-0: Ball 1-0: Foul Ball, location: 2F 1-1: Foul Ball, location: 2F 1-2: SINGLE (Flyball, 56D, EV 95.0 MPH)
|
|
Pinch Hitting: LHB Terry Whitfield
|
0-0: Ball 1-0: Ball 2-0: SINGLE (Groundball, 56D, EV 105.0 MPH) (infield hit) Ron Oester to second
|
|
Pinch Hitting: RHB William Max
|
0-0: Foul Ball, location: 2F 0-1: Foul Ball, location: 2F 0-2: Ball 1-2: Strikes out looking
|
|
Batting: RHB Dan Gladden
|
0-0: Ball 1-0: Ball 2-0: Called Strike 2-1: Ball 3-1: Called Strike 3-2: Fly out, F8 (Flyball, 78XD, EV 100.6 MPH)
|
| Bottom of the 9th over - 0 runs, 2 hits, 0 errors, 2 left on base; Montreal 4 - Pittsburgh 2 |
|